 Dungeon Crawl Stone Soup version 0.16.2-2-g470672f (webtiles) character file.

88 poirepourri the Bolt Thrower (level 4, -2/34 HPs)
             Began as a Formicid Hunter on Aug 25, 2015.
             Slain by an orc
             ... wielding a +0 flail
              (6 damage)
             ... on level 3 of the Dungeon.
             The game lasted 00:04:33 (2045 turns).

poirepourri the Bolt Thrower (Formicid Hunter)      Turns: 2045, Time: 00:04:33

Health: -2/34      AC:  3    Str: 18    XL:     4   Next: 82%
Magic:  5/5        EV: 12    Int: 10    God:
Gold:   137        SH:  0    Dex: 11    Spells: 0 memorised, 3 levels left

rFire  . . .     SeeInvis +     b - +1 hand crossbow
rCold  . . .     Clarity  .     d - +0 leather armour
rNeg   . . .     SustAb   .     (no shield)
rPois  .         Gourm    .     (helmet unavailable)
rElec  .         Spirit   .     (no cloak)
rCorr  .         Warding  .     (no gloves)
rMut   .         Stasis   +     (no boots)
MR     .....                    (no amulet)
Stlth  +.........               (no ring)
                                e - ring of see invisible

@: flying (expiring), not resistant to hostile enchantments, very unstealthy
A: permanent stasis, dig shafts and tunnels, four strong arms, antennae 3
a: Dig, Shaft Self


You were on level 3 of the Dungeon.
You were not hungry.

You visited 1 branch of the dungeon, and saw 3 of its levels.

You collected 137 gold pieces.

Inventory:

Hand weapons
 a - a +0 short sword
 b - a +1 hand crossbow (weapon)
Armour
 d - a +0 leather armour (worn)
 l - a +0 scale mail
Jewellery
 e - a ring of see invisible (left hand)
 k - a cursed ring of teleportation {unknown}
 n - an uncursed amulet of guardian spirit {unknown}
 q - an uncursed ring of ice {unknown}
Scrolls
 g - a scroll of teleportation
 m - a scroll of identify
Potions
 h - a potion of curing
Comestibles
 f - 3 bread rations
 j - a meat ration
 o - 2 beef jerkies


   Skills:
 + Level 2.5 Fighting
 + Level 5.3 Crossbows
 + Level 1.3 Armour
 + Level 2.1 Dodging
 + Level 1.2 Stealth


You had 3 spell levels left.
You didn't know any spells.

Dungeon Overview and Level Annotations

Branches:
Dungeon (3/15)

Altars:
Elyvilon
Ru
Trog


Innate Abilities, Weirdness & Mutations

You are under a permanent stasis effect.
You can dig through walls and to a lower floor.
Your four strong arms can wield two-handed weapons with a shield.
You have a pair of large antennae on your head (SInv).


Message History

Aim: an orc, wielding a flail (lightly wounded)
Okay, then.
Read which item? (? for menu, Esc to quit)
Okay, then.
You feel very buoyant.
You fly up into the air.
The orc barely misses you.
You see here an orc corpse.
The orc priest mumbles some strange prayers to Beogh against you.
Something smites you!
Ouch! That really hurt!
* * * LOW HITPOINT WARNING * * *
The orc priest glows brightly for a moment.
The orc hits you with a flail.
* * * LOW HITPOINT WARNING * * *
The orc barely misses you.
The orc priest calls down the wrath of Beogh upon you.
You barely resist.
You are starting to lose your buoyancy.
The orc hits you with a flail.
You die...

##.###.## #....## #.####
#.# ####### #.#
###.....# #.###########
#.{{{##.# ##.#..........
#{#..##.###..).#######..
#{#..##.##....@#
#.#...oo.o.o.o.#
#†#.###.####.### #.#.#
#.# #.# #.#.###.# #.#
#o#.....# #+# #o#######
##.## #...#


You could see an orc priest, an orc wizard (invisible) and 3 orcs.

Vanquished Creatures
  An orc priest (D:3)
  An adder (D:3)
  An adder zombie (D:1)
  2 giant geckos
  4 orcs (D:3)
  7 bats
  A bat zombie (D:1)
  A giant cockroach (D:1)
  4 goblins
  6 hobgoblins
  7 kobolds
  A giant newt (D:2)
  4 rats
40 creatures vanquished.

Notes
Turn   | Place    | Note
--------------------------------------------------------------
     0 | D:1      | poirepourri, the Formicid Hunter, began the quest for the Orb.
     0 | D:1      | Reached XP level 1. HP: 16/16 MP: 1/1
    64 | D:1      | Reached XP level 2. HP: 22/22 MP: 3/3
   304 | D:1      | Reached XP level 3. HP: 28/28 MP: 4/4
   728 | D:2      | Found a white marble altar of Elyvilon.
  1020 | D:2      | Found a bloodstained altar of Trog.
  1155 | D:2      | Found a sacrificial altar of Ru.
  1546 | D:3      | Reached skill level 1 in Armour
  1546 | D:3      | Reached XP level 4. HP: 20/34 MP: 5/5
  1815 | D:3      | Reached skill level 5 in Crossbows
  2045 | D:3      | Slain by an orc

Action                   |  1- 3 |  4- 6 || total
-------------------------+-------+-------++-------
Melee: Short sword       |     1 |       ||     1
 Fire: Hand crossbow     |    94 |    20 ||   114
Throw: Tomahawk          |       |     3 ||     3
  Use: Scroll            |     3 |       ||     3
       Potion            |     2 |     6 ||     8
  Eat: Meat ration       |     1 |       ||     1
